AoeStats
← RoroAPC

Arena

508138908Analyzed
1v1 RM · 11d ago on Sep 21, 2026· 26m 23s· 2 players
Game mode
Random Map
Map size
Tiny (2 player)
Population
200
Speed
Normal
Resources
Standard
Victory
Conquest
Starting age
Dark Age
Ending age
Imperial Age
RankedLock teamsTeams togetherTeam positionsShared explorationLock speedFull tech treeHidden civsTurbo modeCheats
Victory
Defeat
🇨🇴 Teutons · Colombia
1194
+24
🇨🇱 Portuguese · Chile
1190
-16
RoroAPC
7:30 Loom
9:44 Feudal Age
10:40 Double-Bit Axe
14:35 Fletching
16:25 Wheelbarrow
20:33 Castle Age
19:15 Gold Mining
19:54 Padded Archer Armor
21:31 Husbandry
21:41 Bloodlines
22:43 Scale Barding Armor
24:06 Leather Archer Armor
25:05 Crossbowman
Specialist
6:26 Loom
9:15 Feudal Age
10:05 Double-Bit Axe
21:01 Castle Age
19:39 Fletching
20:38 Forging
20:28 Scale Mail Armor
21:28 Town Watch
22:13 Bodkin Arrow
Connection lost

Rejoining the realm…

Still unreachable

The connection could not be restored.

Session expired

The server has moved on; the page needs a fresh start.